 Dungeon Crawl Stone Soup version 0.21-a0-582-g1b93aee (webtiles) character file.

2376 Amnesiac the Thrower (level 9, -6/58 HPs)
             Began as a Halfling Fighter on Dec 19, 2017.
             Was a Priest of Okawaru.
             Killed from afar by an orc wizard (8 damage)
             ... with a puff of flame
             ... on level 7 of the Dungeon.
             The game lasted 00:10:24 (6688 turns).

Amnesiac the Thrower (Halfling Fighter)             Turns: 6688, Time: 00:10:25

Health: -6/58      AC: 12    Str: 20    XL:     9   Next: 73%
Magic:  10/10      EV: 12    Int:  6    God:    Okawaru [***...]
Gold:   364        SH: 10    Dex: 14    Spells: 8/8 levels left

rFire    . . .     SeeInvis .   b - +0 short sword (elec)
rCold    + . .     Gourm    .   c - +0 shield
rNeg     . . .     Faith    +   e - +0 scale mail
rPois    .         Spirit   .   (no helmet)
rElec    .         Reflect  .   M - +1 cloak
rCorr    .         Harm     .   R - +0 pair of gloves
MR       +....                  C - +1 pair of boots
Stlth    ..........             h - amulet of faith
HPRegen  0.19/turn              V - ring of protection from cold
MPRegen  0.12/turn              I - ring of protection from magic

@: very slightly contaminated
A: small, mutation resistance 1
a: Heroism, Renounce Religion


You were on level 7 of the Dungeon.
You worshipped Okawaru.
Okawaru was most pleased with you.
You were not hungry.

You visited 2 branches of the dungeon, and saw 8 of its levels.
You also visited: Sewer.

You collected 364 gold pieces.

Inventory:

Hand Weapons
 a - a +0 blowgun
 b - a +0 short sword of electrocution (weapon)
 z - a +0 rapier
 J - a +1 dagger of draining
 K - a +0 hunting sling
Missiles
 g - 54 poisoned needles
 l - 93 stones (quivered)
 w - 3 tomahawks
 O - 18 sling bullets
Armour
 c - a +0 shield (worn)
 e - a +0 scale mail (worn)
 C - a +1 pair of boots (worn)
 M - a +1 cloak (worn)
 R - a +0 pair of gloves (worn)
 T - a scarf of cloud immunity
Jewellery
 h - an amulet of faith (around neck)
 u - an uncursed amulet of rage
 y - an uncursed ring of poison resistance
 I - a ring of protection from magic (right hand)
 V - a ring of protection from cold (left hand)
Wands
 E - a wand of disintegration (12)
 L - a wand of digging (11)
 P - a wand of iceblast (7)
Scrolls
 d - 2 scrolls of fear {!r, unknown}
 i - a scroll of fog {!r}
 o - 3 scrolls of magic mapping {!r}
 v - a scroll of enchant armour {!r}
 x - 3 scrolls of remove curse {!r, unknown}
 B - a scroll of noise {!r, unknown}
 D - a scroll of teleportation {!r, unknown}
 F - a scroll of immolation {!r, unknown}
 G - 3 scrolls of identify {!r, unknown}
Potions
 j - 2 potions of haste {!q, unknown}
 k - 4 potions of brilliance {!q, unknown}
 m - a potion of invisibility {!q, unknown}
 n - a potion of mutation {!q, unknown}
 p - 2 potions of berserk rage {!q, unknown}
 q - a potion of lignification {!q, unknown}
 r - a potion of cancellation {!q, unknown}
 s - 5 potions of curing {!q}
 t - 2 potions of flight {!q, unknown}
 A - a potion of might {!q}
 H - 2 potions of heal wounds {!q, unknown}
Comestibles
 f - 7 rations
 Q - 9 chunks of flesh


   Skills:
 * Level 4.1 Fighting
 - Level 2.4 Short Blades
 + Level 10.2 Throwing
 * Level 4.4 Armour
 * Level 4.4 Dodging
 * Level 4.3 Shields
 + Level 1.5 Invocations


You had 8 spell levels left.
You didn't know any spells.

Dungeon Overview and Level Annotations

Branches:
Dungeon (7/15)             Temple (1/1) D:5

Altars:
Cheibriados
Elyvilon
Makhleb
Okawaru
Zin


Innate Abilities, Weirdness & Mutations

You are small and have problems with some larger weapons.
You are somewhat resistant to further mutation.


Message History

The orc warrior is almost dead.
You closely miss the orc warrior.
The orc warrior is almost dead.
The orc warrior hits you with a trident.
The orc hits you but does no damage. The orc misses you.
You block the orc's attack.
You hit the orc warrior but do no damage.
The orc warrior is almost dead.
The orc warrior hits you but does no damage.
The orc barely misses you. You block the orc's attack.
Something hits you but does no damage. The orc hits you but does no damage.
Your scale mail prevents you from hitting the orc warrior.
The orc warrior is almost dead.
You block the orc warrior's attack. The orc closely misses you.
Something hits you but does no damage. The orc hits you with a war axe.
You block the orc's attack.
You closely miss the orc warrior.
The orc warrior is almost dead.
The orc warrior hits you with a trident!
* * * LOW HITPOINT WARNING * * *
The orc hits you but does no damage. You block something's attack.
You block the orc's attack. The orc closely misses you.
You barely miss the orc warrior.
The orc warrior is almost dead.
The orc warrior hits you with a trident!
* * * LOW HITPOINT WARNING * * *
The orc hits you with a club.
* * * LOW HITPOINT WARNING * * *
You hear some strange, mumbled words.
A puff of flame appears from out of thin air!
You block the puff of flame. The orc closely misses you.
The orc hits you with a war axe.
* * * LOW HITPOINT WARNING * * *
You barely miss the orc warrior.
The orc warrior is almost dead.
You hear some strange, mumbled words.
A puff of flame appears from out of thin air!
The puff of flame hits you!
* * * LOW HITPOINT WARNING * * *
You block the orc warrior's attack. The orc closely misses you.
The orc barely misses you. x2
Evoke which item? (* to show all) (? for menu, Esc to quit)
That's the wrong kind of item! (Use * to select it.) Evoke which item? (* to show all) (? for menu, Esc to quit)
Okay, then.
Evoke which item? (* to show all) (? for menu, Esc to quit)
Okay, then.
Really quaff
s - 6 grey potions {!q}?
It was a potion of curing {!q}.
You feel better. Something hits you but does no damage.
The orc warrior hits you with a trident!
* * * LOW HITPOINT WARNING * * *
The orc hits you.
* * * LOW HITPOINT WARNING * * *
The orc misses you. The orc hits you but does no damage.
Okay, then.
Really read
N - a scroll of blinking {!r}?
Blink to where?
Press: ? - help, Dir - move target cursor, p - orc warrior You are very lightly contaminated with residual magic.
As you read the scroll of blinking {!r}, it crumbles to dust.
A puff of flame appears from out of thin air!
The puff of flame hits you!
You die...

#(.(........# ### #...
#...((......# ... ...#
#.!..o.o....# .... #..#
#....o§o....#.....##.)#
#......?....#.... #...#
#.............!.. #..##
###.##......#######....
#. #..........##.....
#. #@.....###..).....
#.##..........)......
#..)...#.....)..#.#..
##...###.#).).=......
#...# #†#)......###.
#...# #.#.......+...
#...# #.#.......###.
#...# #.##..........
#...###.###########.


You could see an orc warrior and 3 orcs.

Vanquished Creatures
  An orc warrior (D:6)
  A sky beast (D:5)
  An ice beast (D:6)
  2 phantoms
  5 ogres
  2 centaurs
  4 big kobolds (Sewer)
  2 bullfrogs (D:6)
  A scorpion (D:5)
  3 killer bees (D:7)
  A howler monkey (D:5)
  A crimson imp (D:7)
  3 hounds
  A centaur zombie (D:6)
  3 jellies (D:6)
  Crazy Yiuf (D:6)
  A bullfrog skeleton (D:4)
  An orc priest (D:4)
  A gnoll shaman (D:7)
  An orc wizard (D:4)
  2 worker ants (D:4)
  3 adders
  4 gnolls (D:7)
  2 shadow imps
  4 oozes
  4 worms
  2 dart slugs
  7 leopard geckos
  21 orcs
  18 giant cockroaches
  8 hobgoblins
  7 jackals
  15 kobolds
  3 quokkas
  5 ball pythons
  16 bats
  3 frilled lizards
  6 goblins
  A jackal skeleton (D:5)
  A leopard gecko skeleton (D:4)
  A quokka skeleton (D:6)
  14 rats
183 creatures vanquished.

Notes
Turn   | Place    | Note
-------+----------+-------------------------------------------
     0 | D:1      | Amnesiac the Halfling Fighter began the quest for the Orb.
     0 | D:1      | Reached XP level 1. HP: 15/15 MP: 1/1
    48 | D:1      | Reached skill level 1 in Throwing
    70 | D:1      | Reached XP level 2. HP: 20/20 MP: 2/2
   165 | D:1      | Reached skill level 2 in Throwing
   216 | D:1      | Reached XP level 3. HP: 21/25 MP: 3/3
   480 | D:1      | Reached skill level 3 in Throwing
   940 | D:2      | Reached XP level 4. HP: 26/30 MP: 4/4
  1345 | D:2      | Reached skill level 4 in Throwing
  1515 | D:3      | Reached XP level 5. HP: 29/35 MP: 5/5
  2176 | D:4      | Reached skill level 5 in Throwing
  2449 | D:4      | Reached XP level 6. HP: 27/41 MP: 6/6
  2689 | D:4      | Noticed a phantom
  3053 | D:4      | Killed a phantom
  3053 | D:4      | Reached skill level 6 in Throwing
  3105 | D:4      | Reached XP level 7. HP: 39/45 MP: 7/7
  3187 | D:4      | Reached skill level 7 in Throwing
  3900 | D:5      | Entered Level 5 of the Dungeon
  4172 | D:5      | Reached skill level 8 in Throwing
  4172 | D:5      | Reached XP level 8. HP: 51/51 MP: 8/8
  4417 | D:5      | Found an iron altar of Okawaru.
  4427 | D:5      | Became a worshipper of Warmaster Okawaru
  4506 | D:5      | Found a staircase to the Ecumenical Temple.
  4711 | Temple   | Entered the Ecumenical Temple
  4782 | D:6      | Reached skill level 9 in Throwing
  4945 | D:6      | Found a glowing drain.
  4991 | Sewer    | Entered a sewer
  5172 | Sewer    | Reached * piety under Okawaru
  5172 | Sewer    | Reached skill level 10 in Throwing
  5192 | Sewer    | Reached skill level 1 in Dodging
  5205 | Sewer    | Reached XP level 9. HP: 21/55 MP: 9/9
  5709 | D:6      | Found a runed door.
  5749 | D:6      | Found a snail-covered altar of Cheibriados.
  5767 | D:6      | Reached ** piety under Okawaru
  6076 | D:6      | Reached skill level 1 in Invocations
  6288 | D:6      | Noticed Crazy Yiuf
  6293 | D:6      | Killed Crazy Yiuf
  6491 | D:7      | Got a pitted leather armour
  6528 | D:7      | Identified the +0 leather armour of Wuwny {+Fly Str+2 Int+5} (You found it on level 7 of the Dungeon)
  6597 | D:7      | Reached *** piety under Okawaru
  6687 | D:7      | HP: 2/58 [orc (1)]
  6688 | D:7      | Killed from afar by an orc wizard

Vault maps used:
D:1:      dpeg_arrival_solitude, minmay_stone_trees_medium
D:2:      minmay_roachtagon, hex_large
D:3:      first_ration
D:4:      minmay_misc_feat_secret_circle
D:5:      temple_statues, okawaru_metal_pillars_1_2
D:6:      overflow_temple_1_default, portal_sewer_entry_f,
          uniq_crazy_yiuf_cottage
Temple:   grunt_wide_crystal_templ
Sewer:    kennysheep_pipe_town

Skill      XL: |  1  2  3  4  5  6  7  8  9 |
---------------+----------------------------+-----
Throwing       | 1 2 3 4 5 6 8 10 | 10.2
Dodging        | 2 4 |  4.4
Fighting       | 4 |  4.1
Invocations    | 1 |  1.5
Armour         | 4 |  4.4
Shields        | 4 |  4.3
Short Blades   | |  2.4

Action                   |  1- 3 |  4- 6 |  7- 9 || total
-------------------------+-------+-------+-------++-------
Melee: Rapier            |   111 |   225 |       ||   336
       Dagger            |       |    10 |   279 ||   289
       Short sword       |       |       |    77 ||    77
Throw: Stone             |    19 |   130 |   189 ||   338
  Use: Potion            |       |     1 |     1 ||     2
       Scroll            |       |       |     6 ||     6
  Eat: Chunk             |       |     8 |    11 ||    19
Armor: Scale mail        |    59 |    70 |   128 ||   257
Dodge: Dodged            |    27 |    82 |   122 ||   231
Block: Shield            |    73 |   110 |   161 ||   344

Table legend:
 A = Spawn XP
 B = Non-spawn XP
 C = Spawn XP percentage of total XP
 D = Spawn monster count
 E = Non-spawn monster count
 F = Spawn count percentage of total count
 G = Total turns spent on level
                    A         B        C        D         E        F      G
               +---------+---------+-------+---------+---------+-------+---------
         Total |       0 |    3395 |   0.0 |       0 |     183 |   0.0 |  6688
               +---------+---------+-------+---------+---------+-------+---------
           D:1 |       0 |      63 |   0.0 |       0 |      31 |   0.0 |   913
           D:2 |       0 |      66 |   0.0 |       0 |      34 |   0.0 |   587
           D:3 |       0 |      53 |   0.0 |       0 |      12 |   0.0 |   832
           D:4 |       0 |     604 |   0.0 |       0 |      28 |   0.0 |  1581
           D:5 |       0 |     483 |   0.0 |       0 |      15 |   0.0 |   890
           D:6 |       0 |    1109 |   0.0 |       0 |      25 |   0.0 |   990
           D:7 |       0 |     581 |   0.0 |       0 |      14 |   0.0 |   339
         Sewer |       0 |     436 |   0.0 |       0 |      24 |   0.0 |   554
               +---------+---------+-------+---------+---------+-------+---------
